 Dungeon Crawl Stone Soup version 0.28.0 (webtiles) character file.

Game seed: 11848884854388075227

18 krispywithak the Poker (level 2, -3/24 HPs)
             Began as a Human Cinder Acolyte on Feb 4, 2022.
             Was a High Priest of Ignis.
             Slain by a worm (10 damage)
             ... on level 2 of the Dungeon.
             The game lasted 00:02:57 (1979 turns).

krispywithak the Poker (Human Cinder Acolyte)       Turns: 1979, Time: 00:02:58

Health: -3/24      AC:  2    Str: 13 (14) XL:     2   Next: 90%
Magic:  3/3        EV: 11    Int: 11 (14) God:    Ignis [*****.]
Gold:   16         SH:  0    Dex:  7 (8)  Spells: 2/3 levels left

rFire   + . .      SeeInvis .   a - -1 spear (flame)
rCold   . . .      Faith    .   (no shield)
rNeg    . . .      Spirit   .   i - +0 robe
rPois   .          Reflect  .   (no helmet)
rElec   .          Harm     .   (no cloak)
rCorr   .          Rampage  .   (no gloves)
Will    .....                   (no boots)
Stlth   +.........              f - amulet of magic regeneration
HPRegen 0.08/turn               (no ring)
MPRegen 0.48/turn               (no ring)

@: no status effects
A: no striking features
a: Renounce Religion, Fiery Armour, Foxfire Swarm, Rising Flame


You were on level 2 of the Dungeon.
You worshipped Ignis.
Ignis was extremely pleased with you.
You visited 1 branch of the dungeon, and saw 2 of its levels.

You collected 16 gold pieces.

Inventory:

Hand Weapons
 a - a -1 spear of flaming (weapon)
Missiles
 c - 21 stones
 e - 2 poisoned darts
Armour
 b - a +0 robe
 d - a +0 ring mail
 i - a +0 robe (worn)
Jewellery
 f - an amulet of magic regeneration (around neck)
 g - a +4 ring of protection
Scrolls
 j - a scroll of identify {unknown}
 k - a scroll of blinking {unknown}
Potions
 h - a potion of magic (quivered) {unknown}


   Skills:
 + Level 3.2 Fighting
 + Level 3.5 Polearms
 + Level 0.4 Dodging
 + Level 1.0 Spellcasting
 + Level 3.0 Fire Magic


You had 2 spell levels left.
You knew the following spells:

 Your Spells              Type           Power      Damage    Failure   Level
a - Foxfire               Conj/Fire      12%        2x1d4     17%         1

Your spell library contained the following spells:

 Spells                   Type           Power      Damage    Failure   Level
 Scorch                   Fire           14%        2d6       14%         2
 Conjure Flame            Conj/Fire      3%         6-21      45%         3
 Inner Flame              Hex/Fire       3%         N/A       45%         3
 Flame Wave               Conj/Fire      3%         2d4       86%         4


Dungeon Overview and Level Annotations

Branches:
Dungeon (2/15)

Altars:


Message History

You barely miss the endoplasm.
The endoplasm is almost dead.
The endoplasm hits you.
You hit the endoplasm. You burn the endoplasm.
You kill the endoplasm!
HP restored.
Done exploring.
Done exploring.
Done exploring.
There is an escape hatch in the floor here.
You see here a +0 club.
You slide downwards.
The hatch slams shut behind you.
The ball python hisses angrily.
You hit the ball python. You burn the ball python.
You kill the ball python!
A worm comes into view.
The worm moves out of view.
A worm is nearby!
Found 9 gold pieces.
Found 23 stones.
The worm bites you!
You barely miss the worm. You completely miss the worm.
The worm closely misses you.
You barely miss the worm. The worm closely misses you.
You hit the worm. You burn the worm.
The worm is lightly wounded.
You hit the worm but do no damage.
The worm is lightly wounded.
The worm bites you!
You hit the worm but do no damage.
The worm is lightly wounded.
You hit the worm. You burn the worm.
The worm is moderately wounded.
The worm bites you.
* * * LOW HITPOINT WARNING * * *
You barely miss the worm.
The worm is lightly wounded.
You hit the worm. You burn the worm.
The worm is moderately wounded.
The worm bites you!
You die...

#... #... .
#.. .. ... ..
#.# .# #.# ..#
######.#...#
#.....@....#
#.####.w......
#.#####....##.
#.....+$......
#######.......
###...( ....
...


You could see a worm.

Vanquished Creatures
  An endoplasm (D:1)
  A giant cockroach (D:1)
  3 goblins (D:1)
  2 hobgoblins (D:1)
  2 jackals (D:1)
  2 ball pythons
  2 bats (D:1)
  A frilled lizard (D:1)
  2 kobolds (D:1)
16 creatures vanquished.

Notes
Turn   | Place    | Note
-------+----------+-------------------------------------------
     0 | D:1      | krispywithak the Human Cinder Acolyte began the quest for
                  | the Orb.
     0 | D:1      | Reached XP level 1. HP: 18/18 MP: 2/2
   243 | D:1      | Learned a level 1 spell: Foxfire
   492 | D:1      | Reached XP level 2. HP: 24/24 MP: 3/3
  1979 | D:2      | Slain by a worm

Illustrated notes

Levels and vault maps discovered:
D:1:      mainiacjoe_arrival_reflecting_pool, layout_loops_ring,
          minmay_tiny_reverse_x
D:2:      layout_basic, ebering_ecumenical_altar_rust,
          kennysheep_generic_room_2, uniq_natasha

Action                   || total
-------------------------++-------
Melee: Spear             ||    54
  Use: Potion            ||     1
Armor: Robe              ||     8
Dodge: Dodged            ||    37
